 Dungeon Crawl Stone Soup version 0.24.1-8-ga250c9d538 (webtiles) character file.

Game seed: 10656792217531844708, levelgen mode: deterministic

248 pinkdragonlove the Skirmisher (level 5, 0/46 HPs)
             Began as a Draconian Berserker on Apr 29, 2020.
             Was a Believer of Trog.
             Succumbed to a scorpion's poison
             ... on level 4 of the Dungeon.
             The game lasted 00:33:12 (2245 turns).

pinkdragonlove the Skirmisher (Draconian Berserker) Turns: 2245, Time: 00:33:12

Health: 0/46       AC:  5    Str: 21    XL:     5   Next: 86%
Magic:  5/5        EV: 14    Int:  7    God:    Trog [**....]
Gold:   173        SH:  0    Dex: 15    Spells: 4/4 levels left

rFire    . . .     SeeInvis .   p - +1 long sword
rCold    . . .     Gourm    .   (no shield)
rNeg     . . .     Faith    .   (armour unavailable)
rPois    .         Spirit   .   (helmet restricted)
rElec    .         Reflect  .   (no cloak)
rCorr    .         Harm     .   (no gloves)
MR       .....                  (no boots)
Stlth    +.........             (no amulet)
HPRegen  0.15/turn              P - +5 ring of dexterity
MPRegen  0.09/turn              (no ring)

@: lethally poisoned (0 -> -7)
A: unfitting armour, cold-blooded, AC +5
a: Berserk, Trog's Hand, Renounce Religion


You were on level 4 of the Dungeon.
You worshipped Trog.
Trog was pleased with you.
You were not hungry.

You visited 1 branch of the dungeon, and saw 4 of its levels.

You collected 173 gold pieces.

Inventory:

Hand Weapons
 a - a +0 mace
 b - a +0 short sword
 c - a +0 short sword
 e - a +0 club
 h - a +0 dagger
 j - a +0 club
 k - a +0 hand axe
 m - a +2 dagger of draining
 p - a +1 long sword (weapon)
 q - a +0 club
 r - a +0 whip
 s - a +0 club
 t - a +0 club
 v - a +0 short sword
 w - a +0 hand axe
 x - a +0 whip
 z - a +0 club
 A - a +0 halberd
 B - a +2 mace of protection
 E - a +0 club
 H - a +0 flail
 J - a +0 dagger
 M - a +0 spear
Missiles
 d - 55 stones (quivered)
 g - 37 arrows
 l - 18 bolts
 o - 18 sling bullets
 u - 13 poisoned darts
Armour
 f - a +1 ring mail
 i - a +0 robe
 n - a +0 ring mail
 C - a +0 animal skin
 D - a +2 helmet
 F - a +0 scale mail
 I - a +0 ring mail
 K - a cursed +0 chain mail
 L - a +0 leather armour
 O - a +2 robe of fire resistance
Jewellery
 P - a +5 ring of dexterity (left hand)
Scrolls
 y - 2 scrolls of remove curse
 N - a scroll of fear {unknown}
Potions
 G - a potion of curing


   Skills:
 + Level 4.2 Fighting
 - Level 1.5(2.5) Short Blades
 * Level 3.1(3.3) Long Blades
 - Level 3.4 Maces & Flails
 + Level 3.9 Dodging
 - Level 0.2 Stealth


You had 4 spell levels left.
You didn't know any spells.
Your spell library was empty.

Dungeon Overview and Level Annotations

Branches:
Dungeon (4/15)
 Temple: D:4-7

Altars:
Hepliaklqana
Nemelex Xobeh
Xom


Innate Abilities, Weirdness & Mutations

Your plain brown scales are hard. (AC +5)
You cannot fit into any form of body armour.
You are cold-blooded and may be slowed by cold attacks.


Message History

The scorpion poisons you!
You closely miss the scorpion.
Your tail-slap misses the scorpion.
The scorpion is severely wounded.
* * * LOW HITPOINT WARNING * * *
You feel sick. The scorpion stings you.
* * * LOW HITPOINT WARNING * * *
You completely miss the scorpion. You tail-slap the scorpion.
The scorpion is almost dead.
* * * LOW HITPOINT WARNING * * *
You feel sick. The scorpion barely misses you. x2
You hit the scorpion but do no damage.
You tail-slap the scorpion, but do no damage.
The scorpion is almost dead.
* * * LOW HITPOINT WARNING * * *
You feel sick. The scorpion completely misses you.
You riposte.
You slash the scorpion!
You kill the scorpion!
Trog accepts your kill.
Your Long Blades skill increases to level 3!
You die...

####### #.....#
#.###.# #
######.###.##.###
#...............#
#.#.#......##.#.#
#.#.#..#.#.## ..
#.#.#.......# .#
#@#.##.#.#.## ..
#.......###..†###
#
#%###.#....[....#
..#.#.......# .##
#....>..# #?
#.......# ..
#.......# ##
#.......####.#
#............#


There were no monsters in sight!

Vanquished Creatures
  A scorpion (D:4)
  Jessica (D:3)
  Robin (D:2)
  5 adders (D:2)
  4 gnolls (D:2)
  An ooze (D:2)
  A worm (D:2)
  3 dart slugs
  A leopard gecko (D:2)
  8 orcs
  2 ball pythons
  3 giant cockroaches
  7 goblins
  5 hobgoblins
  2 jackals (D:3)
  7 kobolds
  A quokka (D:2)
  3 bats (D:1)
  2 frilled lizards
  5 rats
63 creatures vanquished.

Notes
Turn   | Place    | Note
-------+----------+-------------------------------------------
     0 | D:1      | pinkdragonlove the Draconian Berserker began the quest for
                  | the Orb.
     0 | D:1      | Reached XP level 1. HP: 19/19 MP: 1/1
    77 | D:1      | Found a sparkling altar of Nemelex Xobeh.
   533 | D:1      | Reached XP level 2. HP: 26/26 MP: 2/2
   988 | D:2      | Found a hazy altar of Hepliaklqana.
   990 | D:2      | Found a shimmering altar of Xom.
   991 | D:2      | Noticed a spectral ugly thing
  1036 | D:2      | Reached skill level 1 in Short Blades
  1036 | D:2      | Reached XP level 3. HP: 25/31 MP: 3/3
  1061 | D:2      | Reached ** piety under Trog
  1102 | D:2      | Reached XP level 4. HP: 14/40 MP: 4/4
  1389 | D:2      | Reached skill level 1 in Long Blades
  1621 | D:2      | Reached skill level 4 in Fighting
  1859 | D:2      | Noticed Robin
  1869 | D:2      | Killed Robin
  1869 | D:2      | Reached XP level 5. HP: 34/46 MP: 5/5
  1982 | D:3      | Noticed Jessica
  1993 | D:3      | Killed Jessica
  2105 | D:3      | You fall into a shaft and drop 1 floor!
  2242 | D:4      | HP: 2/46 [scorpion (6)]
  2245 | D:4      | Succumbed to a scorpion's poison

Levels and vault maps discovered:
D:1:      wander_arrival_fairy_ring, layout_loops_cross, nrook_campfire,
          nemelex_xobeh_ov_fountains_minmay
D:2:      layout_loops_ring, regret_index_temple_of_mockery,
          roderic_filled_cross, minmay_circled_x, uniq_robin
D:3:      layout_loops_ring, uniq_ijyb, uniq_jessica
D:4:      layout_loops_cross, first_ration, serial_shops,
          nicolae_shop_waterfront, doesnt_xom_only_xom

Skill      XL: |  1  2  3  4  5 |
---------------+----------------+-----
Dodging        | 3 |  3.9
Short Blades   | 1 |  1.5
Long Blades    | 1 3 |  3.1
Fighting       | 4 |  4.2
Maces & Flails | |  3.4
Stealth        | |  0.2

Action                   |  1- 3 |  4- 6 || total
-------------------------+-------+-------++-------
Melee: Short sword       |    39 |       ||    39
       Mace              |    21 |       ||    21
       Tailslap          |     9 |    22 ||    31
       Dagger            |    50 |       ||    50
       Long sword        |       |   124 ||   124
Throw: Stone             |     1 |     5 ||     6
Invok: Berserk           |     2 |       ||     2
  Use: Scroll            |     6 |     2 ||     8
       Potion            |     3 |     1 ||     4
 Stab: Sleeping          |       |     1 ||     1
  Eat: Ration            |     1 |     1 ||     2
       Chunk             |       |     3 ||     3
Armor: Skin              |    44 |    31 ||    75
Dodge: Dodged            |    71 |    88 ||   159
       Rpst.: Long sword |       |    22 ||    22
